 Dungeon Crawl Stone Soup version 0.32-a0-981-g384da2ce10 (webtiles) character file.

Game seed: 3494807180879815869

14526 PriceMaster the Arsonist (level 11, -1/126 HPs)
             Began as a Demonspawn Fire Elementalist on Apr 20, 2024.
             Was an Initiate of Gozag.
             Succumbed to a cane toad's poison
             ... on level 2 of the Lair of Beasts.
             The game lasted 00:31:14 (17604 turns).

PriceMaster the Arsonist (DsFE)                    Turns: 17604, Time: 00:31:14

Health: -1/126     AC: 25    Str:  8    XL:     11   Next: 89%
Magic:  0/24       EV:  2    Int: 25    God:    Gozag
Gold:   1289       SH:  0    Dex: 13    Spells: 4/29 levels left

rFire   + . .        x - +5 trident (vamp)
rCold   . . .        y - orb {mayhem}
rNeg    . . .        G - melded +2 robe {rC+ rF+}
rPois   +            (helmet currently unavailable)
rElec   .            E - melded +0 cloak
rCorr   .            (gloves currently unavailable)
SInv    .            h - melded +0 pair of boots
Will    .....        (no amulet)
Stlth   ++           e - ring of Okawaru's Castigation {Fire Int+4}
HPRegen 0.41/turn    p - ring of protection from cold
MPRegen 0.38/turn

%: mayhem, guardian spirit
@: lethally poisoned (-1 -> -12), tree-form, gold aura
A: stationary, stasis, torment immunity, boosted hp, foul stench 2, magic
shield, magic regeneration, (sharp scales 2), (demonic touch 1), (camouflage 1)
a: Renounce Religion, Potion Petition, Call Merchant, Bribe Branch


You were on level 2 of the Lair of Beasts.
You worshipped Gozag.
Gozag was most pleased with you.
You were a tree.
You visited 2 branches of the dungeon, and saw 12 of its levels.

You collected 1952 gold pieces.
You paid 663 gold pieces to Gozag.

Inventory:

Hand Weapons
 c - a +0 club
 f - a +0 dagger of pain
 g - a +0 dagger
 u - a +0 flail
 x - a +5 vampiric trident (weapon)
Missiles
 F - 6 javelins
Armour
 a - a +1 robe
 h - a +0 pair of boots (melded)
 y - an orb of mayhem (worn)
 E - a +0 cloak (melded)
 G - a +2 robe of resistance (melded)
Jewellery
 e - the ring of Okawaru's Castigation (left branch) {Fire Int+4}
   (You took it off a hobgoblin on level 3 of the Dungeon)

   [ring of fire]

   Fire:      It enhances your fire magic.
   Int+4:     It affects your intelligence (+4).
   rF+:       It protects you from fire.
   rC-:       It makes you vulnerable to cold.
 p - a ring of protection from cold (right branch)
 H - a +4 ring of slaying
 I - a ring of poison resistance
Wands
 m - a wand of quicksilver (5)
 n - a wand of charming (16)
 D - a wand of roots (8)
Scrolls
 b - a scroll of vulnerability
 d - a scroll of noise
 k - 3 scrolls of teleportation
 l - 2 scrolls of identify
 q - a scroll of revelation
 s - a scroll of blinking
 v - a scroll of silence
 w - a scroll of torment {unknown}
 A - a scroll of enchant armour
 C - 2 scrolls of amnesia {unknown}
 J - a scroll of poison {unknown}
Potions
 i - a potion of haste
 j - a potion of might
 r - a potion of brilliance {unknown}
 t - a potion of enlightenment {unknown}
 z - a potion of mutation
 B - a potion of attraction {unknown}
 K - a potion of cancellation {unknown}


   Skills:
 * Level 7.3 Fighting
 - Level 1.0 Maces & Flails
 + Level 1.2 Polearms
 + Level 2.4 Dodging
 + Level 3.6 Stealth
 + Level 9.8 Spellcasting
 * Level 5.9 Conjurations
 + Level 4.4 Hexes
 * Level 10.5 Fire Magic
 * Level 3.2 Air Magic
 + Level 1.6 Evocations


You had 4 spell levels left.
You knew the following spells:

 Your Spells              Type           Power      Damage    Failure   Level
a - Foxfire               Conj/Fire      100%       2x1d9     1%          1
b - Scorch                Fire           100%       2d9       1%          2
c - Inner Flame           Hex/Fire       65%        N/A       1%          3
d - Swiftness             Air            28%        N/A       3%          3
e - Starburst             Conj/Fire      34%        6d10      26%         6
f - Flame Wave            Conj/Fire      69%        2d16      1%          4
g - Plasma Beam           Fire/Air       31%        2x1d44    41%         6

Your spell library contained the following spells:

 Spells                   Type           Power      Damage    Failure   Level
 Volatile Blastmotes      Fire/Tloc      100%       2d18      1%          3
 Confusing Touch          Hex            34%        N/A       2%          3
 Sigil of Binding         Hex            34%        N/A       2%          3
 Ensorcelled Hibernation  Hex/Ice        46%        N/A       3%          2
 Call Canine Familiar     Summ           12%        N/A       16%         3
 Fugue of the Fallen      Necr           12%        N/A       16%         3
 Ozocubu's Armour         Ice            12%        N/A       16%         3
 Passwall                 Erth           12%        N/A       16%         3
 Dimensional Bullseye     Hex/Tloc       11%        N/A       21%         4
 Manifold Assault         Tloc           6%         N/A       100%        7


Dungeon Overview and Level Annotations

Branches:
Dungeon (9/15)             Temple (0/1) D:6            Lair (3/5) D:9
  Snake (0/4) Lair:2
  Swamp: Lair:2-3    Shoals: Lair:2-3       Orc: D:9-12

Altars:
Cheibriados
Dithmenos
Gozag
Hepliaklqana
Kikubaaqudgha
Okawaru
Trog
Uskayaw
Vehumet
Xom
Yredelemnul

Shops:
Lair:1 *

Annotations:
D:6 1 runed translucent door, lucidstorm14's ghost, novice MiBe
D:8 3 runed translucent doors, Ofeo's ghost, journeyman CoAr; trashops's ghost, novice MDFi


Innate Abilities, Weirdness & Mutations

You are a tree.
Your roots penetrate the ground, keeping you stationary.
You cannot be teleported.
You are immune to unholy pain and torment.
Your maximum health is greatly increased.
Your equipment is partially melded.
You sometimes emit foul miasma when damaged in melee.
When hurt, damage is shared between your health and your magic reserves.
You regenerate magic rapidly.
((You are mostly covered in razor-sharp scales. (AC +2, Slay +2)))
((Your touch may inflict minor irresistible damage on your foes.))
((Your skin changes colour to match your surroundings (Stealth+).))


Message History

The cane toad is heavily wounded.
The cane toad is engulfed in blazing flames.
Flame seeps out of the cane toad.
The cane toad stings you!
You are more poisoned.
The cane toad poisons you!
Your magical contamination has completely faded away.
You feel very sick.
The cane toad is engulfed in blazing flames.
Flame seeps out of the cane toad.
The cane toad attacks as it pursues you!
The cane toad misses you. The cane toad stings you!!
* * * LOW HITPOINT WARNING * * *
Casting: Scorch (safe; 1% risk of failure)
Confirm with . or Enter, or press ? or * to list all spells.
You feel a surge of power!
You conjure some foxfire!
* * * LOW HITPOINT WARNING * * *
You feel very sick. The cane toad stings you.
* * * LOW HITPOINT WARNING * * *
It was a potion of lignification.
You turn into a tree.
Your +0 cloak melds into your body.
Your +0 pair of boots melds into your body.
Your +2 robe of resistance melds into your body.
You feel hot and cold all over.
Your roots penetrate the ground.
* * * LOW HITPOINT WARNING * * *
You feel very sick.
The foxfire hits the cane toad.
The cane toad is burned terribly!
Flame seeps out of the cane toad.
The cane toad is almost dead.
The foxfire hits the cane toad but does no damage.
The cane toad is almost dead.
The cane toad is engulfed in blazing flames.
The cane toad explodes!
The fiery explosion engulfs you! You resist.
* * * LOW HITPOINT WARNING * * *
It was a potion of mutation.
You feel extremely strange.
Your body's shape seems more normal.
Your skin functions as natural camouflage.
You die...
Your body crumbles into a pile of gold.

#....P##.#.##FF$.# #.. #.
#..........###...# ... $ #
#..........# #...#.....$.#
#....P#....# #...........
#....####..###....#.....
#.$..####..##....## ..#
.....##....#.....###.####.
................§§§.$..$..
$...............♣○§.......
................§§§....$..
..........................
..........$.......######P# .
#....#.#..###.....#########......
#...##.#... #.....# (#.#.##......
.S.###.#.. #.....###.....#......
...# #... ##.....#..............
.. #........#....##......


There were no monsters in sight!

Vanquished Creatures
  A hydra (Lair:2)
  Maurice (D:8)
  8 cane toads
  Maggie (D:9)
  Jeremiah (D:6)
  3 kobold demonologists (D:9)
  3 komodo dragons
  2 trolls (D:9)
  Prince Ribbit (D:8)
  4 blink frogs (Lair:2)
  A wraith (D:9)
  A shadow (D:8)
  17 yaks
  2 wyverns (D:9)
  2 basilisks (Lair:2)
  2 steam dragons
  2 nagas (Lair:2)
  9 water moccasins
  2 ice beasts
  2 orc warriors
  3 wolves (Lair:2)
  An ogre (D:6)
  2 centaurs (D:9)
  A phantom (D:7)
  3 kobold brigands (D:9)
  5 bullfrogs
  A gnoll sergeant (D:9)
  4 scorpions
  2 wights (D:8)
  3 killer bees (Lair:3)
  5 howler monkeys (D:8)
  3 bombardier beetles
  A hound (D:4)
  4 jellies
  Ijyb (D:4)
  5 iguanas
  An orc wizard (D:9)
  6 hell rats (Lair:1)
  2 adders (D:2)
  10 gnolls
  A shadow imp (D:5)
  2 white imps
  A dart slug (D:2)
  3 ribbon worms
  11 orcs
  3 ball pythons
  5 bats
  3 endoplasms
  5 giant cockroaches
  5 goblins
  8 hobgoblins
  9 jackals
  A quokka (D:1)
  A frilled lizard (D:3)
  6 kobolds
  3 rats
195 creatures vanquished.

Vanquished Creatures (collateral kills)
  A yak (Lair:1)
  A bullfrog (D:9)
  2 wights (D:8)
  2 gnolls (D:9)
  2 kobolds (D:9)
  8 foxfires
16 creatures vanquished.

Vanquished Creatures (others)
  A kobold brigand (D:9)
  410 foxfires
411 creatures vanquished.

Grand Total: 622 creatures vanquished

Notes
Turn   | Place    | Note
-------+----------+-------------------------------------------
     0 | D:1      | PriceMaster the Demonspawn Fire Elementalist began the
                  | quest for the Orb.
     0 | D:1      | Reached XP level 1. HP: 13/13 MP: 3/3
    89 | D:1      | Reached skill level 3 in Fire Magic
   195 | D:1      | Gained mutation: You are partially covered in razor-sharp
                  | scales. (AC +1, Slay +1) [demonic ancestry]
   195 | D:1      | Reached XP level 2. HP: 19/19 MP: 3/5
   643 | D:1      | Learned a level 2 spell: Scorch
  1005 | D:1      | Gained mutation: Your touch may inflict minor irresistible
                  | damage on your foes. [demonic ancestry]
  1005 | D:1      | Reached XP level 3. HP: 24/24 MP: 2/6
  1073 | D:1      | Found a faded altar of an unknown god.
  1347 | D:2      | Upgraded the game from 0.32-a0-975-g85d4e5bfdb to
                  | 0.32-a0-981-g384da2ce10
  1398 | D:2      | Found an opulent altar of Gozag.
  1422 | D:2      | Learned a level 3 spell: Inner Flame
  1459 | D:2      | Became a worshipper of Gozag Ym Sagoz the Greedy
  2062 | D:2      | Reached XP level 4. HP: 30/30 MP: 0/7
  2712 | D:3      | You fall into a shaft and drop 1 floor!
  2857 | D:4      | Noticed Ijyb
  3534 | D:3      | Identified the ring of Okawaru's Castigation {Fire Int+4}
  4318 | D:4      | Killed Ijyb
  4671 | D:4      | Gained mutation: You may rarely emit foul miasma when
                  | damaged in melee. [demonic ancestry]
  4671 | D:4      | Reached XP level 5. HP: 35/35 MP: 2/9
  4779 | D:4      | Reached skill level 4 in Fire Magic
  5308 | D:5      | Entered Level 5 of the Dungeon
  5318 | D:5      | Gained mutation: You sometimes emit foul miasma when
                  | damaged in melee. [demonic ancestry]
  5318 | D:5      | Reached XP level 6. HP: 41/41 MP: 4/11
  6006 | D:5      | Identified the +0 robe of the Good {+Blink Regen+ Int-2
                  | Dex+5}
  6081 | D:5      | Reached skill level 1 in Hexes
  6215 | D:5      | Reached skill level 5 in Fire Magic
  6215 | D:5      | Noticed an ice beast
  6220 | D:5      | Killed an ice beast
  6221 | D:5      | Gained mutation: You are mostly covered in razor-sharp
                  | scales. (AC +2, Slay +2) [demonic ancestry]
  6221 | D:5      | Reached XP level 7. HP: 46/46 MP: 0/13
  7003 | D:5      | Found a shadowy altar of Dithmenos.
  7441 | D:6      | Found a runed translucent door.
  7443 | D:6      | Found a shimmering altar of Xom.
  7443 | D:6      | Noticed lucidstorm14's ghost (novice MiBe)
  7443 | D:6      | Noticed a +2 whip of chaos
  7535 | D:6      | Reached skill level 5 in Spellcasting
  7783 | D:6      | Reached skill level 6 in Fire Magic
  7783 | D:6      | Gained mutation: You regenerate magic rapidly. [demonic
                  | ancestry]
  7783 | D:6      | Reached XP level 8. HP: 45/52 MP: 5/15
  7888 | D:6      | Found a staircase to the Ecumenical Temple.
  7907 | D:6      | Noticed Jeremiah
  7912 | D:6      | Killed Jeremiah
  8180 | D:6      | Found a hide-covered altar of Uskayaw.
  8345 | D:6      | Reached skill level 1 in Maces & Flails
  8788 | D:7      | Reached skill level 1 in Fighting
  9185 | D:7      | Found a radiant altar of Vehumet.
  9209 | D:7      | Found an opulent altar of Gozag.
  9210 | D:7      | Found a basalt altar of Yredelemnul.
  9211 | D:7      | Found a snail-covered altar of Cheibriados.
  9211 | D:7      | Found a bloodstained altar of Trog.
  9214 | D:7      | Found a hazy altar of Hepliaklqana.
  9215 | D:7      | Found an iron altar of Okawaru.
  9534 | D:7      | Found an ancient bone altar of Kikubaaqudgha.
  9555 | D:7      | Reached skill level 7 in Fire Magic
  9993 | D:8      | Noticed Maurice
  9999 | D:8      | Gained mutation: When hurt, damage is shared between your
                  | health and your magic reserves. [demonic ancestry]
  9999 | D:8      | Reached XP level 9. HP: 60/62 MP: 7/18
 10005 | D:8      | Killed Maurice
 10240 | D:8      | Learned a level 3 spell: Swiftness
 10482 | D:8      | Noticed Prince Ribbit
 10487 | D:8      | Killed Prince Ribbit
 10680 | D:8      | Identified a scroll of acquirement
 10681 | D:8      | Acquired the Volume of the Inauspicious Summer
 10690 | D:8      | Learned a level 6 spell: Starburst
 11114 | D:8      | Found a runed translucent gate.
 11114 | D:8      | Found a runed translucent gate.
 11114 | D:8      | Found a runed translucent gate.
 11118 | D:8      | Noticed Ofeo's ghost (journeyman CoAr)
 11118 | D:8      | Noticed trashops's ghost (novice MDFi)
 11368 | D:9      | Noticed a troll
 11368 | D:9      | Noticed a kobold demonologist
 11373 | D:9      | Killed a troll
 11374 | D:9      | Noticed an orange demon
 11376 | D:9      | Noticed a kobold demonologist
 11377 | D:9      | Killed a kobold demonologist
 11378 | D:9      | Reached skill level 8 in Fire Magic
 11696 | D:8      | Learned a level 4 spell: Flame Wave
 11715 | D:9      | Noticed a troll
 11724 | D:9      | Killed a troll
 11774 | D:9      | Reached XP level 10. HP: 70/73 MP: 11/21
 11797 | D:9      | Reached skill level 5 in Fighting
 12064 | D:9      | Noticed Maggie
 12072 | D:9      | Killed Maggie
 12086 | D:9      | Reached skill level 1 in Evocations
 12194 | D:9      | Reached skill level 1 in Air Magic
 12799 | D:9      | Learned a level 6 spell: Plasma Beam
 12858 | D:9      | Found a staircase to the Lair.
 13125 | Lair:1   | Entered Level 1 of the Lair of Beasts
 13149 | Lair:1   | Noticed a cane toad
 13157 | Lair:1   | Killed a cane toad
 13158 | Lair:1   | Reached skill level 9 in Fire Magic
 13473 | Lair:1   | Noticed a cane toad
 13477 | Lair:1   | Killed a cane toad
 13682 | Lair:1   | Noticed a cane toad
 13692 | Lair:1   | Killed a cane toad
 13703 | Lair:1   | Reached XP level 11. HP: 46/83 MP: 20/23
 14719 | Lair:1   | Reached skill level 5 in Conjurations
 14733 | Lair:1   | Gained mutation: Armour fits poorly on your strangely
                  | shaped body. [mutagenic glow]
 15306 | Lair:2   | Reached skill level 1 in Polearms
 15317 | Lair:2   | HP: 4/83 [poisoned by a water moccasin]
 15339 | Lair:2   | Noticed a five-headed hydra
 15656 | Lair:3   | Reached skill level 10 in Fire Magic
 16673 | Lair:2   | Killed a five-headed hydra
 17452 | Lair:2   | Found a staircase to the Snake Pit.
 17603 | Lair:2   | HP: 2/126 [spore (7)]
 17604 | Lair:2   | Lost mutation: Armour fits poorly on your strangely shaped
                  | body. [potion of mutation]
 17604 | Lair:2   | Gained mutation: Your skin changes colour to match your
                  | surroundings (Stealth+). [potion of mutation]
 17604 | Lair:2   | Succumbed to a cane toad's poison

Illustrated notes

Levels and vault maps discovered:
D:1:      sevenhm_arrival_forest_fort_small_6, layout_loops_cross,
          serial_forest, infiniplex_forest_corner_2, infiniplex_forest_pool,
          infiniplex_forest_pool, infiniplex_forest_pool,
          infiniplex_forest_lined_ring, infiniplex_forest_lined_ring,
          infiniplex_forest_clump_small, infiniplex_forest_clump_small,
          ebering_ecumenical_altar_mist, amethyst_killhole, minmay_statues_item
D:2:      layout_loops_cross, basic_altar
D:3:      layout_rooms
D:4:      layout_cave_pods, uniq_ijyb
D:5:      layout_loops_corners, mainiacjoe_overflow_swirl
D:6:      layout_basic, lemuel_coloured_pillars_altar, minmay_temple_entry_hall,
          ebering_ghost_xom, nicolae_concentric_dashed_squares_mild,
          uniq_jeremiah
D:7:      layout_loops_corners, kennysheep_little_box, minitemple
D:8:      layout_cave_pods, gammafunk_ghost_cemetery, uniq_prince_ribbit1,
          uniq_maurice
D:9:      layout_big_octagon, mrwooster_statue_mirror, grunt_ministairs_9,
          dk_vineyard_2, glass_columns_a, uniq_maggie
Lair:1:   layout_cave_pods, beast_lair_carwin_3
Lair:2:   layout_regular_city, guppyfry_snake_entry_island,
          portal_ice_cave_demonic_guard
Lair:3:   layout_hall_layers, minmay_shoals_entry_beasts, special_room
          [special_room_bee], nicolae_lair_grazing_beasts
          [nicolae_sub_lair_graze_edge, nicolae_sub_lair_graze_edge,
          nicolae_sub_lair_graze_edge, nicolae_sub_lair_graze_edge], uniq_rupert

Skill      XL: |  1  2  3  4  5  6  7  8  9 10 11 |
---------------+----------------------------------+-----
Fire Magic     | 3 4 5 6 7 8 9 10 | 10.5
Conjurations   | 2 3 4 5 |  5.9
Stealth        | 2 3 |  3.6
Spellcasting   | 3 4 5 6 7 8 9 |  9.8
Hexes          | 1 2 3 4 |  4.4
Dodging        | 2 |  2.4
Maces & Flails | 1 |  1.0
Fighting       | 2 4 6 7 |  7.3
Evocations     | 1 |  1.6
Air Magic      | 2 3 |  3.2
Polearms       | 1 |  1.2

Action                     |  1- 3 |  4- 6 |  7- 9 | 10-12 || total
---------------------------+-------+-------+-------+-------++-------
  Melee: Club              |    52 |    10 |     7 |       ||    69
         Unarmed           |     3 |       |       |       ||     3
         Touch             |     2 |     2 |     4 |       ||     8
         Flail             |       |       |     3 |       ||     3
         Trident           |       |       |     1 |    37 ||    38
   Cast: Foxfire           |    61 |    62 |    64 |    65 ||   252
         Scorch            |    10 |    13 |    50 |    42 ||   115
         Inner Flame       |     3 |    18 |    24 |    46 ||    91
         Swiftness         |       |       |     5 |     8 ||    13
         Flame Wave        |       |       |       |     5 ||     5
         Plasma Beam       |       |       |       |     7 ||     7
         Starburst         |       |       |       |     3 ||     3
 Invoke: Call Merchant     |       |       |       |     1 ||     1
  Evoke: Wand              |       |     3 |     1 |    11 ||    15
    Use: Potion            |     1 |     1 |     3 |     6 ||    11
         Scroll            |       |     6 |     9 |     2 ||    17
   Stab: Sleeping          |       |       |     1 |       ||     1
 Armour: Robe              |    62 |    19 |    29 |    80 ||   190
         Skin              |       |       |       |     1 ||     1
  Dodge: Dodged            |    80 |    17 |    21 |    50 ||   168

Table legend: (Time is in decaauts)
 A = Elapsed time spent in this place.
 B = Non-inter-level travel time spent in this place.
 C = Inter-level travel time spent in this place.
 D = Time resting spent in this place.
 E = Time spent auto-exploring this place.
 F = Levels seen in this place.
 G = Mean time per level.
                   A        B        C        D        E       F      G
               +--------+--------+--------+--------+--------+-----+--------+
         Total |  17613 |  17263 |    350 |   6387 |   8702 |  12 | 1467.8 |
       Dungeon |  13152 |  12857 |    295 |   3720 |   7436 |   9 | 1461.3 |
          Lair |   4460 |   4405 |     55 |   2667 |   1266 |   3 | 1486.7 |
               +--------+--------+--------+--------+--------+-----+--------+

Top non-repeatable levels by time:
  Lair:1: 2113 daAuts
     D:8: 1861 daAuts
     D:6: 1751 daAuts
     D:5: 1721 daAuts
     D:4: 1562 daAuts
     D:1: 1328 daAuts
  Lair:2: 1294 daAuts
     D:9: 1277 daAuts
     D:3: 1265 daAuts
     D:7: 1212 daAuts
     D:2: 1172 daAuts
  Lair:3: 1052 daAuts
